Cogmind - Beta 16 @@@ ROGUE MODE // 2025.10.25 @ 15:18:21 Player: Triffids Result: Destroyed by K1-EWN(R) with Subdweller Laser Performance ------------- Evolutions (0) 0 Regions Visited (3) 600 Robots Destroyed (10) 50 Value Destroyed (103) 103 Prototype IDs (0) 0 Alien Tech Used (0) 0 Bonus (0) 0 TOTAL SCORE: 753 Bonus ------- None Cogmind --------- Core Integrity 0/250 Matter 290/300 Energy 27/100 System Corruption 0% Temperature Cool (6) Movement Core (50) Location -10/Subcaves Parts ------- > --- POWER (1) -------- (None) > --- PROPULSION (2) --- (None) > --- UTILITY (2) ------ Improved Terrain Scanner Terrain Scan Processor > --- WEAPON (2) ------- (None) > --- INVENTORY (5) ---- Seismic Detector Riot Gun Medium Laser Grenade Launcher Peak State ------------ > --- POWER ------------ Light Ion Engine > --- PROPULSION ------- Wheel Wheel > --- UTILITY ---------- Improved Terrain Scanner Terrain Scan Processor > --- WEAPON ----------- Medium Laser Medium Laser > --- INVENTORY -------- Light Ion Engine Medium Laser Grenade Launcher Mining Laser [Rating: 10] Favorites ----------- Power Light Ion Engine Engine Light Ion Engine Propulsion Wheel Wheel Wheel Utility Improved Terrain Scanner Device Improved Terrain Scanner Processor Terrain Scan Processor Weapon Medium Laser Energy Gun Medium Laser Special Weapon Mining Laser Build | -11 -10 -10 -10 ------- Run | Yrd Mat Min Sub Slots Evolved . | . . . . Power . | . . . . Propulsion . | . . . . Utility . | . . . . Weapon . | . . . . Parts Attached 14 | 8 . 4 2 Power 2 | 1 . 1 . Engine 2 | 1 . 1 . Core . | . . . . Reactor . | . . . . Propulsion 5 | 3 . 1 1 Treads . | . . . . Leg . | . . . . Wheel 5 | 3 . 1 1 Hover . | . . . . Flight . | . . . . Utility 4 | 2 . 2 . Device 3 | 2 . 1 . Storage . | . . . . Processor 1 | . . 1 . Hackware . | . . . . Protection . | . . . . Artifact . | . . . . Weapon 3 | 2 . . 1 Energy Gun 2 | 2 . . . Energy Cannon . | . . . . Ballistic Gun . | . . . . Ballistic Cannon . | . . . . Launcher . | . . . . Special Weapon 1 | . . . 1 Impact Weapon . | . . . . Slashing Weapon . | . . . . Piercing Weapon . | . . . . Special Melee Weapon . | . . . . Unidentified Prototypes . | . . . . Parts Lost 5 | . . 1 4 Power . | . . . . Propulsion 3 | . . . 3 Utility 1 | . . 1 . Weapon 1 | . . . 1 Highest Loss Streak 2 | . . 1 2 To Critical Strikes . | . . . . Average Backups 4 | 3 5 4 4 Power . | 1 1 . . Propulsion . | . . . . Utility . | . . . 1 Weapon 2 | 1 2 3 3 Tool/Special . | . . . . Unused Backups 7 | . 3 . 4 Power . | . . . . Propulsion 2 | . 2 . . Utility 1 | . . . 1 Weapon 4 | . 1 . 3 Tool/Special . | . . . . Average Slot Usage (%) 93 | . 100 99 83 Engine 12 | . 14 14 10 Wheel 26 | . 28 28 23 Device 18 | . 28 15 14 Processor 9 | . . 11 14 Energy Gun 25 | . 28 28 20 Peak Build Rating 10 | 9 9 10 10 Average Rating 8 | 5 9 9 8 On Entrance 7 | . 9 9 10 Avg Prop Armor Cover (%) 19 | . . . 19 Naked Turns . | . . . . Heaviest Build 9 | 9 9 9 8 Greatest Support 26 | 26 20 20 20 Greatest Overweight (x) . | . . . . Average Overweight (x) . | . . . . Largest Inventory Capacity 5 | 5 5 5 5 Average Capacity 5 | 5 5 5 5 Most Carried 5 | 5 5 5 5 Average Carried 4 | 2 4 4 4 Final Capacity 5 | 5 5 5 5 Final Carried 5 | 5 5 5 4 Class Distribution -------------------- 100% | Mutant Dominant Class ---------------- Mutant | -10/Materials Mutant | -10/Mines Mutant | -10/Subcaves Resources | -11 -10 -10 -10 ----------- Run | Yrd Mat Min Sub Matter Collected 320 | 280 . 40 . Remotely . | . . . . Salvage Created 300 | 174 26 100 . Parts 25 | 8 3 14 . Haulers Intercepted . | . . . . Recyclers Shooed . | . . . . Parts Field Recycled . | . . . . Retrieved Matter . | . . . . Parts Self-Destructed 5 | . . . 5 Prevented . | . . . . Parts Restored . | . . . . Kills | -11 -10 -10 -10 ------- Run | Yrd Mat Min Sub Combat Hostiles Destroyed 1 | . . 1 . Guns 1 | . . 1 . Classes Destroyed 5 | 2 2 1 . Builder 1 | . 1 . . Tunneler 6 | 3 . 3 . Recycler 1 | 1 . . . Watcher 1 | . 1 . . Grunt 1 | . . 1 . Best Kill Streak 4 | 4 1 2 . Combat Bots Only 1 | . . 1 . Max Kills in Single Turn 1 | 1 1 1 . Gunslinging . | . . . . Exploded . | . . . . Melee . | . . . . Uniques/NPCs Destroyed . | . . . . Combat | -11 -10 -10 -10 -------- Run | Yrd Mat Min Sub Hostile Shots Fired 48 | . . 20 28 Missed 20 | . . 8 12 Hits 28 | . . 12 16 Projectile 28 | . . 12 16 AOE 1 | . . . 1 Damage Taken 599 | . . 186 413 Core 256 | . . 29 227 Absorbed by Shields . | . . . . Core Remaining (%) 100 | 100 . . . Volleys Fired 32 | 8 6 15 3 Largest 2 | 2 2 2 1 Hottest 100 | 100 100 100 100 Shots Fired 61 | 16 12 30 3 Gun 58 | 16 12 30 . Cannon . | . . . . Launcher . | . . . . Special 3 | . . . 3 Kinetic . | . . . . Thermal 61 | 16 12 30 3 Explosive . | . . . . Electromagnetic . | . . . . Robot Hit Streak 6 | 5 6 4 . Robot Miss Streak 5 | 1 4 5 . Penetration Max . | . . . . Secondary Targets 1 | . . 1 . Max Gunslinging Chain 1 | . . 1 . Shots Hit Robots 30 | 10 4 16 . Core Hits 13 | 5 2 6 . Critical Kills . | . . . . Critical Parts Destroyed . | . . . . Critical Strikes 2 | 1 . 1 . Burn 2 | 1 . 1 . Melee Attacks . | . . . . Impact . | . . . . Slashing . | . . . . Piercing . | . . . . Sneak Attacks . | . . . . Combat Hostiles . | . . . . Follow-up Attacks . | . . . . Damage Inflicted 374 | 124 50 200 . Guns 374 | 124 50 200 . Cannons . | . . . . Explosions . | . . . . Melee . | . . . . Ramming . | . . . . Kinetic . | . . . . Thermal 374 | 124 50 200 . Explosive . | . . . . Electromagnetic . | . . . . Impact . | . . . . Slashing . | . . . . Piercing . | . . . . Highest Corruption . | . . . . Average Corruption . | . . . . Corruption Purged . | . . . . Corruption Blocked . | . . . . Overload Shots . | . . . . Overflow Damage . | . . . . Projectiles . | . . . . Explosions . | . . . . Melee . | . . . . Knockbacks . | . . . . Impact . | . . . . Kinetic . | . . . . Secondary . | . . . . Self-Inflicted Damage . | . . . . Shots . | . . . . Rammed . | . . . . Targets Rammed . | . . . . Kicked . | . . . . Crushed . | . . . . Highest Temperature 321 | 234 78 321 . Average Temperature 103 | 109 37 123 . Received Heat Transfer 201 | . . 105 96 Effects 2 | 1 . 1 . Energy Bleed 2 | 1 . 1 . Siege Activations . | . . . . Martial Activations . | . . . . Shielding Activations . | . . . . Robots Disrupted . | . . . . Combat Hostiles . | . . . . Robots Corrupted . | . . . . Combat Hostiles . | . . . . Parts Fried . | . . . . Impact Corruptions . | . . . . Robots Melted . | . . . . Combat Hostiles . | . . . . Parts Melted 1 | . 1 . . Heat Transferred 1258 | 444 148 666 . Parts Sabotaged . | . . . . Parts Stolen . | . . . . Parts Stripped . | . . . . Power Chain Reactions . | . . . . Alert | -11 -10 -10 -10 ------- Run | Yrd Mat Min Sub Maximum Alert Level . | . . . . Low Security (%) 100 | 100 100 100 . Level 1 . | . . . . Level 2 . | . . . . Level 3 . | . . . . Level 4 . | . . . . Level 5 . | . . . . High Security . | . . . . Max Security . | . . . . Peak Influence 21 | 5 15 21 . Initial 3 | . 3 1 . Average 2 | 2 1 3 . Influence Increases 102 | 20 32 50 . Destroy 0b10 Robot/C 20 | . . 20 . Destroy 0b10 Robot/NC 45 | 20 10 15 . Destroy Leader 2 | . 2 . . Successful Hack 5 | . 5 . . Lose Combat Pursuer 30 | . 15 15 . Influence Decreases 102 | 15 32 55 . Entered New Map 6 | . 2 4 . Time Decay 86 | 15 30 41 . Lost Part 10 | . . 10 . Squads Dispatched . | . . . . Investigation . | . . . . Extermination . | . . . . Reinforcement . | . . . . Assault . | . . . . Garrison . | . . . . Intercept . | . . . . Searches Triggered . | . . . . Construction Impeded . | . . . . Haulers Reinforced . | . . . . Active Scanning Responses . | . . . . Cargo Convoy Interrupts . | . . . . Stealth | -11 -10 -10 -10 --------- Run | Yrd Mat Min Sub Distress Signals 1 | . 1 . . Communications Jammed . | . . . . Distress Signals . | . . . . Times Spotted 10 | . 2 2 6 Peak Tracking Total 4 | . 2 2 4 Tactical Retreats 3 | . 1 1 1 Traps | -11 -10 -10 -10 ------- Run | Yrd Mat Min Sub Traps Triggered . | . . . . Indirectly . | . . . . Trap Hack Attempts . | . . . . Triggered . | . . . . Disarmed . | . . . . Reprogrammed . | . . . . Reused . | . . . . Traps Extracted . | . . . . Installed . | . . . . Triggered . | . . . . Machines | -11 -10 -10 -10 ---------- Run | Yrd Mat Min Sub Machines Disabled . | . . . . Max in Single Turn . | . . . . Machines Repaired . | . . . . Machines Dismantled . | . . . . Machines Sabotaged . | . . . . Overloaded Fab Kills . | . . . . Hacking | -11 -10 -10 -10 --------- Run | Yrd Mat Min Sub Machines Accessed 3 | . 3 . . Terminals 1 | . 1 . . Fabricators . | . . . . Repair Stations . | . . . . Recycling Units 2 | . 2 . . Scanalyzers . | . . . . Garrison Access . | . . . . Total Hacks 7 | . 7 . . Successful 4 | . 4 . . Failed 3 | . 3 . . Catastrophic 1 | . 1 . . Database Lockouts . | . . . . Manual 5 | . 5 . . Terminals 5 | . 5 . . Fabricators . | . . . . Repair Stations . | . . . . Recycling Units 2 | . 2 . . Scanalyzers . | . . . . Garrison Access . | . . . . Terminal Hacks . | . . . . Fabricator Hacks . | . . . . Repair Station Hacks . | . . . . Recycling Unit Hacks 2 | . 2 . . Report Inventory 2 | . 2 . . Scanalyzer . | . . . . Garrison Access Hacks . | . . . . Unauthorized Hacks 2 | . 2 . . Terminals 2 | . 2 . . Track 1 | . 1 . . Botnet 1 | . 1 . . Fabricators . | . . . . Repair Stations . | . . . . Recycling Units . | . . . . Scanalyzers . | . . . . Garrison Access . | . . . . Data Cores Recovered . | . . . . Used . | . . . . Hacking Detections 1 | . 1 . . Full Trace Events . | . . . . Feedback Events . | . . . . Feedback Blocked . | . . . . Robot Schematics Acquired . | . . . . Robots Built . | . . . . Authchips . | . . . . Time . | . . . . Total Robot Build Rating . | . . . . Part Schematics Acquired . | . . . . Parts Built . | . . . . Authchips . | . . . . Time . | . . . . Total Part Build Rating . | . . . . Part Studies Acquired . | . . . . Parts Repaired . | . . . . Time . | . . . . Parts Recycled . | . . . . Recycled Matter . | . . . . Retrieved Matter . | . . . . Retrieved Components . | . . . . Parts Scanalyzed . | . . . . Part Schematics Acquired . | . . . . Parts Damaged . | . . . . Bothacking | -11 -10 -10 -10 ------------ Run | Yrd Mat Min Sub Used RIF Installer . | . . . . Robots Hacked . | . . . . Non-combat . | . . . . Combat . | . . . . Robot Hacks Applied . | . . . . Relay Couplers Released . | . . . . Fabnet Peak Effective % . | . . . . Robots Rewired . | . . . . Allies Hacked . | . . . . Hacks Repelled . | . . . . Allies | -11 -10 -10 -10 -------- Run | Yrd Mat Min Sub Total Allies . | . . . . Largest Group . | . . . . Highest-Rated Group . | . . . . Highest-Rated Ally . | . . . . Total Orders . | . . . . Ally Attacks . | . . . . Total Damage . | . . . . Kills . | . . . . Allies Corrupted . | . . . . Allies Melted . | . . . . Intel | -11 -10 -10 -10 ------- Run | Yrd Mat Min Sub Active Infowar (turns) 671 | 5 194 224 248 Terrain 671 | 5 194 224 248 Seismic 217 | 5 194 18 . Robot Analysis Total . | . . . . Derelict Logs Recovered 2 | . . 1 1 Drone Launches . | . . . . Drone Recoveries . | . . . . Exploration | -11 -10 -10 -10 ------------- Run | Yrd Mat Min Sub Turns Passed 765 | 98 194 225 248 Spaces Moved 770 | 64 193 205 308 Core 103 | 15 . . 88 Treads . | . . . . Legs . | . . . . Wheels 667 | 49 193 205 220 Hover . | . . . . Flight . | . . . . Fastest Speed 50 | 50 80 80 50 Average Speed 76 | 79 80 80 71 Slowest Speed 90 | 90 80 80 80 Overloaded Moves . | . . . . Propulsion Burnouts . | . . . . Robots Hopped . | . . . . Potential Cave-ins . | . . . . Cave-ins Triggered . | . . . . Exploration Rate (%) 25 | 4 34 42 23 Regions Visited 3 Branch Regions 2 Pre-discovered Areas . | . . . . Known Exits Taken . | . . . . Unknown Exits Taken 3 | 1 1 1 . Scrap Searched . | . . . . Spaces Dug . | . . . . Terrain Destroyed . | . . . . Melee . | . . . . Projectile . | . . . . AOE . | . . . . Terrain Rammed . | . . . . Walls Destroyed . | . . . . Machines Disabled . | . . . . Actions | -11 -10 -10 -10 --------- Run | Yrd Mat Min Sub Total 879 | 94 221 236 328 Wait 39 | 3 17 8 11 Move 767 | 63 192 204 308 Hop . | . . . . Pick Up 17 | 11 3 2 1 Fast Attach 2 | 2 . . . Attach 8 | 5 . 1 2 Detach . | . . . . Swap 4 | 1 . 3 . Drop 10 | 1 3 3 3 Fire 32 | 8 6 15 3 Melee . | . . . . Ram . | . . . . Kick . | . . . . Crush . | . . . . Escape Stasis . | . . . . Rewire . | . . . . Trap . | . . . . Miscellaneous . | . . . . Route ------- -11/Scrapyard -10/Materials -10/Mines (discovered 3 exits: *Mat x2 / [*Sub]) -10/Subcaves History --------- Turn | Location | Event 13 | -11/Scrapyard | Discovered new exit (range 15) 99 | -11/Scrapyard | Entered Materials 285 | -10/Materials | Discovered new exit (range 9) 293 | -10/Materials | Entered Mines 312 | -10/Mines | Build established: Mutant 330 | -10/Mines | Discovered new exit (range 12) 376 | -10/Mines | Identified exit to Materials 466 | -10/Mines | Discovered new exit (range 16) 518 | -10/Mines | Entered Subcaves 519 | -10/Subcaves | Approached by a straggling Scientist 694 | -10/Subcaves | Ambushed by Subdweller buried in earth 700 | -10/Subcaves | Shifting Twisted Machinery released Riot Gun 706 | -10/Subcaves | Shifting Twisted Machinery released Mak. Shrapnel Gun 723 | -10/Subcaves | A swath of the cavern ceiling suddenly collapsed 729 | -10/Subcaves | Ambushed by Subdwellers from Twisted Machinery 762 | -10/Subcaves | Core integrity fell below 50% 764 | -10/Subcaves | Core integrity fell below 20% 766 | -10/Subcaves | Destroyed by K1-EWN(R) with Subdweller Laser Last Messages --------------- 00631_ 9X-6G2(u) builds Twisted Machinery. A6-XDR(c): "I think it's somewhere northwest of here" 00687_ Acquired derelict log, extracted data. Data stored: Storage entrances (x1). 00694_ Wheel destroyed. [Achievement: Do Not Disturb] 00695_ M3-59U(R): "ARGHSUB!" 00697_ Wheel destroyed. 00698_ Dropped Lgt. Ion Engine. 00698_ Dropped Med. Laser. 00699_ Subatomizers dissect the Med. Laser. 00699_ Dropped Med. Laser. Riot Gun falls loose from the Twisted Machinery. Mak. Shrapnel Gun falls loose from the Twisted Machinery. 00706_ Acquired Riot Gun. 00723_ Battle Cannon crushed. A swath of the cavern ceiling suddenly collapses. 00729_ K1-EWN(R) emerges from the Twisted Machinery. 00757_ Mining Laser destroyed. 00759_ Wheel destroyed. Map ----- +----------------------------------------------------+ | ?????????????????????????????????????????????????? | | ???????????????????????????????#?????????????????? | | ?????????????????????????????????????????????????? | | ????????????????????????#???#????????????????????? | | ???????????????????#???#?????????????????????????? | | ??????????????????#??????????#???????????????????? | | ????????????????????????#??##????????????????????? | | ?????????????????????#???????#?#???#?????????????? | | ??????????????##????##???????#???????????????#???? | | ???????????????????##?#?????######???????????????? | | ?????????#????????#?????????# ## ##?#????????????? | | ????????????##???????#?????## ##??????????#??? | | ???????????????###???##?#?### "##?#???"??????? | | ????????????#?## ###?????##?# ""##?????"?????? | | ???????????????#" #???#?#??## ""##????"?"???? | | ???? ???????#?##""####??##?## ## ####????"???? | | ?? ??????? ##"##"""" ##??#?# ## ""##??"""??? | | ??????????? """"" " ######" ##?# "" ###"""?? ? | | ???? ?????? """"" "" ##### #####"""" "" """???? | | ???????????##"""# ##"##"## #??#"""" "[""#?#?? | | ????????????#####% "#""# # "###?##"""" "" #?#??? | | ?????? ?? ? ? ?## ##""### ###### """" " ##?##? | | ????????????? "" "#"#""""R # # # "" " # # | | ???????????? """"####"O##"# " | | ????????? ? ## ###"###R;# "# | | ?????????? #?#"######@ ;## # ## # | | ?????????# % ??##"?#?#R#R;## "## ###"### | | ?????????? ??#??#?#### ; ### # # ## "" | | ?????????? ?##???###"# #;;## "## ### | | ??????????? ?#??#???## #"#### # # ##?#" # | | ????????????#??????#??###"""#" " ###" " | | ???????????#?????#?????#"""##### # " """ % | | ?????????????????##????#####???#### [*[ | | ???????????????????????##?## # # # | | ?????????????##??######?## | | ????????????#???#??#?#???# # # *%[ "" | | ?????????????#?#??????????????## ""&" | | ??????????????#?##??????# ???#?# # "" " " "## | | ?????????????????#??#????? ???# #### ## ### | | ????????????????????#??? ??##?#####???# # ## | | ?????????????????#??????? ???????????#### ### | | ???????????????????#? ??????????????????## # #?# | | ???????????????????????? ??? ??????#?#??# # #### | | ???????????????????????? ? ?????##? ?#??## | | ????????????????????????????????#???#???## | | ?????????????????????????????????????????### ## | | ???????????????????????????#????#?#??#???#?## #### | | ????????????????????????????????????????????###??# | | ?????????????????????????????????#???##???#?????## | | ?????????????????????????????????#???????#?##?### | +----------------------------------------------------+ Best States ------------- Heat Dissipation 25 Energy Generation 10 Energy Capacity 125 Matter Stores 300 Matter Capacity 300 Sight Range 16 Terrain Scan Range 16 Terrain Scan Density 85 Evasion (%) 50 Item Schematics ----------------- None Robot Schematics ------------------ None Fabricated ------------ Nothing Repaired ---------- Nothing Studied --------- None Alien Tech Used ----------------- None Achievements -------------- Do Not Disturb Challenges ------------ None Game ------ Seed TachyonRecyclingFirepult Manual? 0 Play Time 00:14:18 Cumulative 238.9 hours Start 2025.10.25 @ 15:04:58 End 2025.10.25 @ 15:18:21 Sessions 1 Manual Loads 0 Difficulty Rogue Special Mode None Game No. 437 Rogue 437 Adventurer 0 Explorer 0 Win Type - Total 1 Types 1/0/0/0/0/0/0/0/0/0 Lore% 30 Gallery% 47 Achievement% 23 Wizard Run 0 Options --------- Layout 1 ASCII 0 Keyboard 1 Movement Vi Keybinds 0 Fullscreen 0 Font 20/Smallcaps Map View 59x39 Zoom Use 0% Tactical HUD 1 Map Filters NONE Filters NONE Steam 1 RUN: 192a09c2-8aeb-419a-ae37-0b673f9c05c1